 Dungeon Crawl Stone Soup version 0.15.2 (webtiles) character file.

18 magipi the Chopper (level 2, -4/17 HPs)
             Began as a Gargoyle Skald on Sept 1, 2015.
             Killed from afar by a goblin (8 damage)
             ... with a wand of magic darts
             ... on Level 2 of the Dungeon.
             The game lasted 00:03:02 (387 turns).

magipi the Chopper (Gargoyle Skald)                  Turns: 387, Time: 00:03:02

HP  -4/17        AC  5     Str 15      XL: 2   Next: 70%
MP   4/4         EV 10     Int 12      God:
Gold 34          SH  0     Dex  9      Spells:  1 memorised,  4 levels left

rFire  . . .     SeeInvis .     a - +0 hand axe
rCold  . . .     Clarity  .     g - +0 leather armour
rNeg   + . .     rCorr    .     (no shield)
rPois  +         rRot     +     (no helmet)
rElec  +         Spirit   .     (no cloak)
SustAb .         Warding  .     (no gloves)
rMut   .         Stasis   .     (no boots)
Gourm  .                        (no amulet)
MR     .....                    (no ring)
                                (no ring)

@: not resistant to hostile enchantments, very unstealthy
A: negative energy resistance 1, electricity resistance, unbreathing,
petrification resistance, rot immunity, AC +2
a: no special abilities


You were on level 2 of the Dungeon.
You were not hungry.

You visited 1 branch of the dungeon, and saw 2 of its levels.

You collected 34 gold pieces.

Inventory:

Hand weapons
 a - a +0 hand axe (weapon)
Armour
 g - a +0 leather armour (worn)
Comestibles
 d - 3 bread rations
 i - a beef jerky
 j - a chunk of bat flesh
Scrolls
 f - a scroll of enchant weapon {unknown}
 h - a scroll of identify {unknown}
Potions
 b - a potion of curing {unknown}
 e - 2 potions of brilliance {unknown}
Books
 c - a book of Battle

   Spells                             Type                      Level
   *Infusion                          Charms                       1
   Shroud of Golubria                 Charms/Translocation         2
   Song of Slaying                    Charms                       2
   Spectral Weapon                    Hexes/Charms                 3
   Regeneration                       Charms/Necromancy            3


   Skills:
 - Level 2.1 Fighting
 + Level 2.9 Axes
 - Level 1.1 Armour
 - Level 0.7 Dodging
 - Level 2.0 Spellcasting
 - Level 2.6 Charms


You had 4 spell levels left.
You knew the following spells:

 Your Spells              Type           Power        Failure   Level  Hunger
a - Infusion              Chrm           #.....       12%         1    ##.....


Dungeon Overview and Level Annotations

Branches:
Dungeon (2/15)

Altars:
Vehumet


Innate Abilities, Weirdness & Mutations

You are resistant to torment.
You are immune to poison.
Your stone body is very resilient (AC +2).
You resist negative energy.
You are resistant to electric shocks.
You can survive without breathing.
You are immune to petrification.
You are immune to rotting.

Vault maps used:
D:1:      scummos_arrival_gate
D:2:      lemuel_blue_sif_altar, minmay_misc_feat_columns, vehumet_altar_wand_db


Message History

The kobold throws a stone.
The stone barely misses you.
You see here a stone.
You barely miss the goblin. The goblin hits you but does no damage.
You hit the goblin.
You kill the goblin!
A ball python comes into view.
You see here a dagger.
The kobold hits you but does no damage.
You closely miss the kobold. The kobold hits you but does no damage.
You barely miss the kobold. The kobold hits you.
You hit the kobold but do no damage. The kobold closely misses you.
The ball python bites you. The ball python grabs you.
The ball python constricts you. The kobold hits you but does no damage.
You closely miss the kobold. You hit the ball python.
The ball python is heavily wounded.
The ball python closely misses you. The ball python constricts you.
The kobold hits you but does no damage.
You hit the ball python.
You kill the ball python!
You closely miss the kobold. The kobold misses you.
You barely miss the kobold. The kobold hits you but does no damage.
A giant gecko comes into view.
You hit the kobold but do no damage. The kobold barely misses you.
The giant gecko moves out of view.
You hit the kobold.
The kobold is severely wounded.
The kobold closely misses you. The kobold hits you but does no damage.
You barely miss the kobold.
The kobold is severely wounded.
The kobold hits you but does no damage.
You hit the kobold.
You kill the kobold!
The giant gecko closely misses you.
You closely miss the giant gecko. The giant gecko barely misses you.
You barely miss the giant gecko. The giant gecko misses you.
You miss the giant gecko. The giant gecko barely misses you.
The giant gecko barely misses you.
You hit the giant gecko.
The giant gecko is severely wounded.
The giant gecko barely misses you.
You barely miss the giant gecko.
The giant gecko is severely wounded.
The giant gecko closely misses you.
The giant gecko bites you but does no damage.
You miss the giant gecko.
The giant gecko is severely wounded.
The giant gecko barely misses you.
You hit the giant gecko.
You kill the giant gecko!
Unknown command.
e - 2 black potions (gained 1)
i - a beef jerky
Found 15 gold pieces.
Found a hunting sling.
Found a stone staircase leading down.
A bat comes into view.
The bat barely misses you. The bat closely misses you.
You hit the bat.
The bat is heavily wounded.
The bat hits you. The bat barely misses you.
The bat hits you but does no damage. The bat barely misses you.
You miss the bat.
The bat is moderately wounded.
The bat closely misses you. The bat hits you.
The bat hits you but does no damage.
You hit the bat.
The bat is almost dead.
The bat hits you but does no damage.
You closely miss the bat.
The bat is almost dead.
The bat hits you but does no damage. x2
The bat closely misses you.
You slash the bat!
You kill the bat!
You now have 34 gold pieces (gained 15).
You see here a bat corpse.
You start butchering the bat corpse.
You continue butchering the corpse.
You continue butchering the corpse. x2
You finish butchering the bat corpse.
j - a chunk of bat flesh You see here a bat skeleton.
A bat comes into view.
The bat barely misses you.
You slash the bat!
You kill the bat!
There is a stone staircase leading down here.
You climb downwards.
A giant newt, a goblin and a kobold come into view.
The goblin shouts!
Found 8 gold pieces.
Found a radiant altar of Vehumet.
There is a stone staircase leading up here.
Unknown command.
You miss the giant newt. The giant newt bites you.
You hit the giant newt.
You kill the giant newt!
You closely miss the goblin.
The goblin zaps a wand.
The magic dart hits you!
* * * LOW HITPOINT WARNING * * *
The kobold hits you but does no damage.
The goblin zaps a wand.
The magic dart hits you!
You die...

# ##.# # >.....
...... ...#...####
........@.#
.#._.#.##.########
........Kg........
....#......###.....
........<..# ..
..........##
....#.....# ...
####..# . #..#


You could see a goblin.

Table legend:
 A = Kills in this place as a percentage of kills in entire the game.
 B = Kills by you in this place as a percentage of kills by you in the entire game.
 C = Kills by friends in this place as a percentage of kills by friends in the entire game.
 D = Other kills in this place as a percentage of other kills in the entire game.
 E = Experience gained in this place as a percentage of experience gained in the entire game.
 F = Experience gained in this place divided by the number of levels of this place that you have seen.
                   A       B       C       D       E      F
               +-------+-------+-------+-------+-------+----------------------
         Total | 100.0 | 100.0 |  -nan |  -nan | 100.0 |  13.5
       Dungeon | 100.0 | 100.0 |  -nan |  -nan | 100.0 |  13.5
               +-------+-------+-------+-------+-------+----------------------

Vanquished Creatures
  A giant gecko (D:1)
  A ball python (D:1)
  2 bats (D:1)
  4 goblins (D:1)
  A hobgoblin (D:1)
  An ooze (D:1)
  2 giant newts
  2 kobolds (D:1)
  4 rats (D:1)
18 creatures vanquished.

Notes
Turn   | Place    | Note
--------------------------------------------------------------
     0 | D:1      | magipi, the Gargoyle Skald, began the quest for the Orb.
     0 | D:1      | Reached XP level 1. HP: 12/12 MP: 3/3
   243 | D:1      | Reached XP level 2. HP: 15/17 MP: 4/4
   379 | D:2      | Found a radiant altar of Vehumet.
   387 | D:2      | Killed from afar by a goblin

Action                   || total
-------------------------++-------
Melee: Hand axe          ||    56

Action                   || total
-------------------------++-------
Melee: Hand axe          ||    56

Action                   || total
-------------------------++-------
Melee: Hand axe          ||    56
